 Dungeon Crawl Stone Soup version 0.24.0-37-gcf1ca852f1 (webtiles) character file.

Game seed: 12850559645270149427, levelgen mode: deterministic

487 Rediskos the Magician (level 6, 32/32 HPs)
             Began as a Deep Elf Fire Elementalist on Nov 24, 2019.
             Was a Follower of Vehumet.
             Quit the game on level 4 of the Dungeon.
             The game lasted 00:23:02 (6056 turns).

Rediskos the Magician (Deep Elf Fire Elementalist)  Turns: 6056, Time: 00:23:03

Health: 32/32      AC:  4    Str:  5    XL:     6   Next: 89%
Magic:  15/15      EV: 12    Int: 22    God:    Vehumet [*.....]
Gold:   192        SH:  0    Dex: 15    Spells: 4/15 levels left

rFire    . . .     SeeInvis .   h - +0 dagger
rCold    . . .     Gourm    .   (no shield)
rNeg     . . .     Faith    .   e - +0 leather armour
rPois    .         Spirit   .   p - +0 helmet
rElec    .         Reflect  .   (no cloak)
rCorr    .         Harm     .   (no gloves)
MR       .....                  (no boots)
Stlth    +++.......             (no amulet)
HPRegen  0.10/turn              (no ring)
MPRegen  0.14/turn              (no ring)

@: no status effects
A: no striking features
a: Renounce Religion


You were on level 4 of the Dungeon.
You worshipped Vehumet.
Vehumet was aware of your devotion.
You were not hungry.

You visited 1 branch of the dungeon, and saw 4 of its levels.

You collected 192 gold pieces.

Inventory:

Hand Weapons
 h - a +0 dagger (weapon)
Missiles
 d - 33 poisoned darts (quivered)
Armour
 a - a +0 robe
 e - a +0 leather armour (worn)
 p - a +0 helmet (worn)
Wands
 r - a wand of paralysis (3)
Scrolls
 i - 2 scrolls of teleportation
 l - a scroll of enchant weapon {unknown}
 q - a scroll of identify
 t - 2 scrolls of blinking {unknown}
 u - a scroll of magic mapping
 v - a scroll of amnesia {unknown}
Potions
 f - a potion of flight {unknown}
 g - a potion of heal wounds
 j - a potion of curing
 k - a potion of brilliance
 m - a potion of berserk rage {unknown}
 n - 2 potions of agility
 o - a potion of haste {unknown}
 s - 2 potions of mutation {unknown}
Comestibles
 c - 4 rations


   Skills:
 - Level 2.4 Dodging
 + Level 5.0 Stealth
 + Level 5.2 Spellcasting
 * Level 4.8 Conjurations
 + Level 4.9 Fire Magic


You had 4 spell levels left.
You knew the following spells:

 Your Spells              Type           Power        Failure   Level  Hunger
a - Shock                 Conj/Air       ###.         6%          1    None
b - Throw Flame           Conj/Fire      ####..       3%          2    None
c - Conjure Flame         Conj/Fire      ####....     7%          3    ##.....
d - Sticky Flame          Conj/Fire      ####....     22%         4    ####...
e - Flame Tongue          Conj/Fire      ####.        2%          1    None

Your spell library contained the following spells:

 Spells                   Type           Power        Failure   Level  Hunger
 Inner Flame              Hex/Fire       ###.....     19%         3    ##.....
 Fireball                 Conj/Fire      ####......   54%         5    #####..


Dungeon Overview and Level Annotations

Branches:
Dungeon (4/15)
 Temple: D:4-7

Altars:
Makhleb
Nemelex Xobeh
Trog
Vehumet
Zin

Annotations:
D:4 Pikel


Message History

The slave is too close now for your liking.
There is an open door here.
There is a stone staircase leading up here.
You start resting.
Magic restored.
There is an open door here.
Evoke which item? (* to show all) (? for menu, Esc to quit)
Okay, then.
Okay, then.
There is an open door here.
There is an open door here.
There is a bloodstained altar of Trog here.
Things that are here:
a dagger; an animal skin Saving game... please wait.
Level annotation: Pikel Welcome back, Rediskos the Deep Elf Fire Elementalist.
Vehumet says: Let it end in hellfire!
Press ? for a list of commands and other information.
Are you sure you want to abandon this character and quit the game? (Confirm with "yes".)

#...#....'....'.......##.....#
#...##...#######......##.....#
#...##...##...##.............#
#............................#
#...##........##......##.....#
#...##._......####'#####.....#
#....#.......................#
#....#.......................#
#....'.......@...............#
#########'####.####....########
#............#.####....##......
#.........)..#..........#......
#............#...<......#......
#............#..........#......
#............#..........#......
#............#..........#......
#............'..........#......


There were no monsters in sight!

Vanquished Creatures
  Grinder (D:4)
  A slave (D:4)
  A hound (D:3)
  2 orc priests
  A worker ant (D:4)
  4 adders
  A gnoll (D:1)
  2 oozes (D:1)
  An adder skeleton (D:4)
  3 worms
  2 dart slugs
  2 leopard geckos
  21 orcs
  A ball python (D:1)
  9 bats
  4 giant cockroaches
  8 goblins
  10 hobgoblins
  3 jackals (D:3)
  7 kobolds
  A quokka (D:2)
  4 frilled lizards
  10 rats
99 creatures vanquished.

Notes
Turn   | Place    | Note
-------+----------+-------------------------------------------
     0 | D:1      | Rediskos the Deep Elf Fire Elementalist began the quest for
                  | the Orb.
     0 | D:1      | Reached XP level 1. HP: 10/10 MP: 6/6
   548 | D:1      | Reached XP level 2. HP: 15/15 MP: 6/8
   552 | D:1      | Learned a level 2 spell: Throw Flame
   946 | D:1      | Reached XP level 3. HP: 12/19 MP: 0/10
  1747 | D:1      | Learned a level 3 spell: Conjure Flame
  1918 | D:2      | Found a radiant altar of Vehumet.
  1925 | D:2      | Became a worshipper of Vehumet
  1996 | D:2      | Found a burning altar of Makhleb.
  2114 | D:2      | Reached XP level 4. HP: 24/24 MP: 6/11
  2586 | D:2      | Found a sparkling altar of Nemelex Xobeh.
  3658 | D:3      | Reached * piety under Vehumet
  3658 | D:3      | Offered knowledge of Freeze by Vehumet.
  3697 | D:3      | Found a glowing silver altar of Zin.
  3913 | D:3      | Reached XP level 5. HP: 28/28 MP: 5/13
  3919 | D:3      | Learned a level 4 spell: Sticky Flame
  4507 | D:4      | Noticed Grinder
  4586 | D:4      | Found a bloodstained altar of Trog.
  4832 | D:4      | Paralysed by Grinder for 6 turns
  4851 | D:4      | Killed Grinder
  4851 | D:4      | Reached skill level 5 in Spellcasting
  4851 | D:4      | Reached XP level 6. HP: 32/32 MP: 2/15
  5134 | D:4      | Reached ** piety under Vehumet
  5134 | D:4      | Reached skill level 5 in Stealth
  5175 | D:4      | Offered knowledge of Shock by Vehumet.
  5178 | D:4      | Learned a level 1 spell: Shock
  5345 | D:4      | Noticed a slave
  5390 | D:4      | Noticed Pikel
  5392 | D:4      | Noticed a slave
  5847 | D:4      | Noticed a slave
  5849 | D:4      | Noticed a slave
  5874 | D:4      | Killed a slave
  6056 | D:4      | Quit the game

Levels and vault maps discovered:
D:1:      enne_arrival_octagon_isle, layout_loops_ring, serial_rivers,
          chequers_serial_rivers_small_a, chequers_serial_rivers_small_b,
          chequers_serial_rivers_micro_a, chequers_serial_rivers_micro_c,
          chequers_serial_rivers_small_3, chequers_serial_rivers_micro_c
D:2:      layout_rooms, lemuel_round_altar, lemuel_round_altar,
          nicolae_overflow_crystal_walls, first_ration
D:3:      layout_loops_ring, lemuel_round_altar, hex_large
D:4:      layout_gridville, bloody_trog, fountainhead, uniq_pikel, uniq_grinder

Skill      XL: |  1  2  3  4  5  6 |
---------------+-------------------+-----
Stealth        | 3 4 5 |  5.0
Conjurations   | 2 3 4 |  4.8
Fire Magic     | 4 |  4.9
Spellcasting   | 4 5 |  5.2
Dodging        | |  2.4

Action                   |  1- 3 |  4- 6 || total
-------------------------+-------+-------++-------
 Cast: Flame Tongue      |    56 |    91 ||   147
       Throw Flame       |    17 |    61 ||    78
       Conjure Flame     |     1 |     1 ||     2
       Shock             |       |    18 ||    18
Evoke: Wand              |       |     1 ||     1
  Use: Scroll            |       |     8 ||     8
  Eat: Chunk             |     4 |    11 ||    15
       Ration            |       |     1 ||     1
Armor: Robe              |     6 |     1 ||     7
       Leather armour    |       |     4 ||     4
Dodge: Dodged            |    15 |    22 ||    37
